 Dungeon Crawl Stone Soup version 0.18.1-8-gdd0e5ea (webtiles) character file.

133 santipi the Stinger (level 4, -1/33 HPs)
             Began as a Draconian Venom Mage on June 9, 2016.
             Was a Follower of Vehumet.
             Killed by nerve-wracking pain
             ... invoked by an orc priest
              (13 damage)
             ... on level 3 of the Dungeon.
             The game lasted 00:11:35 (2048 turns).

santipi the Stinger (Draconian Venom Mage)          Turns: 2048, Time: 00:11:36

Health: -1/33      AC:  5    Str: 16    XL:     4   Next: 94%
Magic:  0/7        EV: 12    Int: 16    God:    Vehumet [*.....]
Gold:   77         SH:  0    Dex: 11    Spells: 2 memorised, 2 levels left

rFire  . . .     SeeInvis .     i - +0 dagger
rCold  . . .     Gourm    .     (armour unavailable)
rNeg   . . .     Faith    .     (no shield)
rPois  .         Spirit   .     (helmet restricted)
rElec  .         Dismiss  .     (no cloak)
rCorr  .         Reflect  .     (no gloves)
SustAt .         Harm     .     (no boots)
MR     .....                    (no amulet)
Stlth  ++........               (no ring)
                                m - ring of wizardry

@: mighty, very slightly contaminated, not resistant to hostile enchantments,
unstealthy
A: unfitting armour, cold-blooded, AC +5
a: Renounce Religion


You were on level 3 of the Dungeon.
You worshipped Vehumet.
Vehumet was aware of your devotion.
You were hungry.

You visited 1 branch of the dungeon, and saw 3 of its levels.

You collected 77 gold pieces.

Inventory:

Hand Weapons
 i - a +0 dagger (weapon)
Jewellery
 m - a ring of wizardry (left hand)
Scrolls
 g - 2 scrolls of random uselessness
 p - a scroll of remove curse {unknown}
 q - a scroll of fog {unknown}
Potions
 h - a potion of berserk rage {unknown}
 k - a potion of curing {unknown}
Books
 a - a Young Poisoner's Handbook

   Spells                             Type                      Level
   a - Sting                          Conjuration/Poison           1
   b - Cure Poison                    Poison                       2
   c - Mephitic Cloud                 Conjuration/Poison/Air       3
   d - Olgreb's Toxic Radiance        Poison                       4
   e - Venom Bolt                     Conjuration/Poison           5
Comestibles
 b - a bread ration
 c - 2 chunks of flesh
 d - 2 meat rations
 l - a beef jerky


   Skills:
 + Level 0.6 Short Blades
 + Level 2.7 Dodging
 + Level 2.3 Stealth
 + Level 2.2 Spellcasting
 + Level 1.4 Conjurations
 + Level 5.0 Poison Magic


You had 2 spell levels left.
You knew the following spells:

 Your Spells              Type           Power        Failure   Level  Hunger
a - Sting                 Conj/Pois      ##..         3%          1    #......
b - Olgreb's Toxic Radia  Pois           ###.....     12%         4    #####..


Dungeon Overview and Level Annotations

Branches:
Dungeon (3/15)

Altars:
Vehumet

Annotations:
D:3 Sigmund


Innate Abilities, Weirdness & Mutations

Your plain brown scales are hard (AC +5).
Your body does not fit into most forms of armour.
You are cold-blooded and may be slowed by cold attacks.


Message History

The orc wizard is almost dead.
The orc wizard casts a spell.
The orc wizard flickers and vanishes!
Deactivating autopickup; reactivate with Ctrl-A.
You hear some strange, mumbled words.
A puff of flame appears from out of thin air!
The puff of flame hits you!
You puncture something! Vehumet accepts your kill.
Reactivating autopickup.
Your Poison Magic skill increases to level 5!
You feel a bit more experienced. The bat misses you.
The orc priest closely misses you. The bat hits you but does no damage.
The orc priest completely misses you.
Things that are here:
a dagger; a robe; a hand axe You closely miss the orc priest.
The orc priest mumbles some strange prayers to Beogh against you.
Pain shoots through your body!
You die...

####.###############
#.#####................)..
#>...)....................
#.#####.#######..<#.#....#
#.#.......b...b..#..
#.#.#######o.b.#.#.#
#.#.#....§o.S.o..).#
#.#.#.........8.....
#.#@#..####..8.8....
..#bo.......8.b.8(..
##...####..8.8.b..
#...###....8.....
...b..........((
########.#...... #.##.(#..
#.###.#.. ... .....


You could see an orc priest and a bat.

Vanquished Creatures
  An orc wizard (D:3)
  Terence (D:2)
  An adder (D:2)
  An ooze (D:2)
  A dart slug (D:1)
  A giant gecko (D:2)
  7 orcs (D:3)
  A ball python (D:2)
  5 giant cockroaches
  4 goblins
  6 hobgoblins
  2 jackals (D:2)
  5 kobolds
  8 bats
  2 giant newts
  7 rats
53 creatures vanquished.

Notes
Turn   | Place    | Note
--------------------------------------------------------------
     0 | D:1      | santipi the Draconian Venom Mage began the quest for the Orb.
     0 | D:1      | Reached XP level 1. HP: 14/14 MP: 3/3
   164 | D:1      | Reached XP level 2. HP: 20/20 MP: 1/5
  1004 | D:2      | Reached XP level 3. HP: 26/26 MP: 2/6
  1325 | D:2      | Noticed Terence
  1348 | D:2      | Killed Terence
  1348 | D:2      | Reached skill level 1 in Conjurations
  1348 | D:2      | Reached XP level 4. HP: 33/33 MP: 3/7
  1738 | D:3      | Found a faded altar to an unknown god.
  1766 | D:3      | Learned a level 4 spell: Olgreb's Toxic Radiance
  1779 | D:3      | Noticed Sigmund
  2003 | D:3      | Became a worshipper of Vehumet
  2003 | D:3      | Reached * piety under Vehumet
  2003 | D:3      | Offered knowledge of Magic Dart by Vehumet.
  2046 | D:3      | Reached skill level 5 in Poison Magic
  2048 | D:3      | Killed from afar by an orc priest

Skill      XL: |  1  2  3  4 |
---------------+-------------+-----
Dodging        | 2 |  2.7
Stealth        | 2 |  2.3
Conjurations   | 1 |  1.4
Poison Magic   | 5 |  5.0
Short Blades   | |  0.6
Spellcasting   | |  2.2

Action                   |  1- 3 |  4- 6 || total
-------------------------+-------+-------++-------
Melee: Unarmed           |    21 |       ||    21
       Dagger            |    52 |    54 ||   106
       Tailslap          |     2 |     5 ||     7
 Cast: Sting             |    46 |    13 ||    59
  Use: Scroll            |     2 |     4 ||     6
       Potion            |       |     2 ||     2
 Stab: Sleeping          |     3 |       ||     3
  Eat: Chunk             |     2 |     3 ||     5
Armor: Skin              |    25 |    15 ||    40
Dodge: Dodged            |    70 |    48 ||   118
